 Dungeon Crawl Stone Soup version 0.19.0-2-gae57169 (webtiles) character file.

51027 sugabear the Basher (level 14, -6/72 HPs)
             Began as a Vine Stalker Gladiator on Nov 2, 2016.
             Was a High Priest of Qazlal.
             Impaled on a porcupine's spines (9 damage)
             ... on level 5 of the Lair of Beasts on Nov 3, 2016.
             The game lasted 00:32:20 (14269 turns).

sugabear the Basher (Vine Stalker Gladiator)       Turns: 14269, Time: 00:32:21

Health: -6/72      AC: 12    Str: 24    XL:     14   Next: 57%
Magic:  0/22       EV: 15    Int:  9    God:    Qazlal [*****.]
Gold:   488        SH:  7    Dex: 16    Spells: 0 memorised, 13 levels left

rFire  . . .     SeeInvis +     s - +2 battleaxe of Fedhas's Pride {freeze, rElec rC++ Str-5 SInv}
rCold  + + +     Gourm    .     h - +0 ring mail
rNeg   . . .     Faith    .     (shield currently unavailable)
rPois  +         Spirit   +     q - +1 helmet {SInv}
rElec  +         Reflect  .     S - +2 cloak {rPois}
rCorr  .         Harm     .     (no gloves)
MR     +....                    (no boots)
Stlth  +.........               A - amulet of regeneration
                                Z - +2 ring of strength
                                x - +6 ring of strength

@: lethally poisoned (-6 -> -6), protected from cold, repel missiles
A: fangs 3, regeneration 2, magic shield, antimagic bite, no device heal 3, rot
immunity
a: Upheaval, Elemental Force, Disaster Area, Renounce Religion


You were on level 5 of the Lair of Beasts.
You worshipped Qazlal.
Qazlal was extremely pleased with you.
You were not hungry.

You visited 4 branches of the dungeon, and saw 20 of its levels.
You also visited: Ossuary.

You collected 1641 gold pieces.
You spent 1153 gold pieces at shops.

Inventory:

Hand Weapons
 s - the +2 battleaxe of Fedhas's Pride (weapon) {freeze, rElec rC++ Str-5 SInv}
   (You found it on level 11 of the Dungeon)

   It has been specially enchanted to freeze those struck by it, causing extra
   injury to most foes and up to half again as much damage against particularly
   susceptible opponents.
   It can also slow down cold-blooded creatures.
   It affects your strength (-5).
   It greatly protects you from cold.
   It insulates you from electricity.
   It lets you see invisible.
 C - a +2 morningstar of protection
 Q - the cursed +14 obsidian axe {chop, +Fly SInv *Curse}
   (You found it on level 11 of the Dungeon)

   It inflicts extra damage upon your enemies.
   It lets you see invisible.
   It lets you fly.
   It may re-curse itself when equipped.
   It has a curse placed upon it.
 T - the +8 short sword of Dysiu {pierce, rN+ Str+2 SInv Stlth-}
   (You found it on level 3 of the Lair of Beasts)

   It inflicts extra damage upon your enemies.
   It affects your strength (+2).
   It protects you from negative energy.
   It lets you see invisible.
   It makes you less stealthy.
 W - a +2 whip of freezing
Missiles
 d - 8 throwing nets (quivered)
Armour
 h - a +0 ring mail (worn)
 m - a +0 shield
 q - a +1 helmet of see invisible (worn)
 S - a +2 cloak of poison resistance (worn)
 U - a +2 buckler of cold resistance
Jewellery
 v - an uncursed ring of positive energy
 w - an uncursed ring of ice
 x - a +6 ring of strength (left hand)
 y - an uncursed amulet of rage
 A - an amulet of regeneration (around neck)
 F - an uncursed amulet of faith {unknown}
 N - an uncursed ring of positive energy
 Z - a +2 ring of strength (right hand)
Wands
 c - a wand of teleportation (4/9)
 i - a wand of paralysis (0/24)
 r - a wand of teleportation (6/9)
 t - a wand of lightning (4/15)
 I - a wand of iceblast (4/15)
 M - a wand of paralysis (12/24)
 R - a wand of confusion (13/48)
 V - a wand of disintegration (9/24)
 X - a wand of digging (17/24)
Scrolls
 e - 2 scrolls of magic mapping
 k - 18 scrolls of identify
 l - a scroll of fear
 z - 5 scrolls of enchant armour
 D - 2 scrolls of amnesia
 G - a scroll of recharging
 H - 6 scrolls of remove curse
 J - a scroll of blinking
 K - 6 scrolls of teleportation
 P - a scroll of fog
 Y - 2 scrolls of silence
Potions
 a - 8 potions of curing
 b - a potion of haste
 g - 8 potions of might
 j - a potion of agility
 p - a potion of lignification
 B - 2 potions of magic
 E - 2 potions of invisibility
 O - 2 potions of berserk rage
Comestibles
 f - 9 bread rations
 n - 2 fruits
 o - 5 meat rations
 L - 10 slices of pizza


   Skills:
 + Level 7.8 Fighting
 + Level 3.1 Short Blades
 + Level 8.2(10.9) Axes
 + Level 11.3(12.3) Maces & Flails
 + Level 2.0 Throwing
 + Level 6.9 Armour
 + Level 6.3 Dodging
 - Level 1.0 Stealth
 + Level 9.2 Shields
 + Level 10.0 Invocations
 + Level 1.2 Evocations


You had 13 spell levels left.
You didn't know any spells.

Dungeon Overview and Level Annotations

Branches:
Dungeon (12/15)            Temple (1/1) D:6            Lair (5/6) D:11
 Shoals (0/4) Lair:4        Snake (0/4) Lair:4        Slime (0/5) Lair:5
    Orc (2/2) D:9             Elf (0/3) Orc:2

Altars:
Ashenzari
Cheibriados
Dithmenos
Elyvilon
Fedhas
Gozag
Hepliaklqana
Kikubaaqudgha
Makhleb
Nemelex Xobeh
Okawaru
Qazlal
Ru
Sif Muna
Trog
Uskayaw
Vehumet
Xom
Yredelemnul
Zin
The Shining One
Beogh

Shops:
D:5 *(*=}   D:9 =   Orc:1 !   Orc:2 :*}!(![}[

Portals:
Ice
Cave: Lair:5


Innate Abilities, Weirdness & Mutations

You have razor-sharp teeth.
You heal very quickly.
When hurt, damage is shared between your health and your magic reserves.
Your bite disrupts and absorbs the magic of your enemies.
Potions and wands cannot restore your health.
You are immune to rotting.


Message History

You slash the porcupine! You freeze the porcupine.
You kill the porcupine!
Qazlal accepts your kill.
Unknown command.
Unknown command.
You completely miss the white imp. Your bite misses the white imp.
The white imp closely misses you.
A white imp comes into view.
You slice the white imp!!
You kill the white imp!
Qazlal accepts your kill.
You feel sick.
You hear an angry hiss.
A porcupine comes into view.
The porcupine bites you!
* * * LOW HITPOINT WARNING * * *
Found a frozen archway.
Unknown command.
You are struck by the porcupine's spines.
You die...

,,,,*,,***,*,,,,,,,**,,***,,,,,,,
,,,,,,,,,.##..∩..P.PP..#,,,,,,,,,
,,,,,,*,*..........P....,,,,,,,,,
,,,,,,,,,#P............,,,,,,,,,,
,,,,,*,>,#..............,,,,,,,,,
,,,,,,,,,#.........P#....,,,,,,,,
,,,,,,,,*..#....5.......#*,,,,,,,
*,*,*,,,,.......r...#...#*,,,,,,,
*,***,,,*.....§.@####.$.##,..,,,,
*,,*,,,**...#......§.....#..#.,,,
*,*,,,,,,,..###.§†§......#...#.,,
,,*,,,*,,,.....§†.§#.........P..,
,,,,,**,,,..#..#.††............P,
,8,,,,,,,,.......................
,,,,,*,,,,...###....(............
,,,8,,,,,....PP..............#...
,,,,,,,,,................P...P...


You could see a porcupine and a white imp.

Vanquished Creatures
  Fannar (Lair:1)
  Harold (D:10)
  A catoblepas (Lair:4)
  3 orc high priests (Orc:2)
  4 hill giants
  Pikel (D:7)
  An obsidian statue (D:11)
  5 orc knights
  An oklob plant (Lair:1)
  An ugly thing (D:11)
  4 orc sorcerers
  A cyclops (D:11)
  7 elephants
  Maurice (D:10)
  Joseph (D:7)
  A black mamba (Lair:1)
  5 spiny frogs
  A kobold demonologist (D:7)
  2 torpor snails
  A rime drake (Lair:3)
  6 komodo dragons
  A troll (Orc:1)
  A two-headed ogre (D:9)
  2 polar bears
  A hornet (D:9)
  6 hippogriffs
  7 blink frogs
  4 dream sheep (Lair:3)
  39 yaks
  A wyvern (D:8)
  3 basilisks
  A hog (D:7)
  A human (D:7)
  A hungry ghost (D:11)
  2 nagas (Lair:4)
  2 wargs
  9 water moccasins
  10 porcupines
  17 orc warriors
  4 phantoms
  An ice beast (D:7)
  A black bear (Lair:2)
  3 necrophages
  A sky beast (D:8)
  11 ogres
  4 centaurs
  A big kobold (D:7)
  2 elf zombies (Ossuary)
  14 crocodiles
  19 bullfrogs
  A scorpion (D:8)
  15 killer bees
  A howler monkey (D:4)
  4 crimson imps
  4 quasits
  2 bullfrog zombies
  3 jellies
  3 centaur skeletons
  18 orc priests
  Crazy Yiuf (D:2)
  6 hounds
  A bullfrog skeleton (D:9)
  A human zombie (Ossuary)
  4 iguanas
  6 worker ants
  Ijyb (D:2)
  22 orc wizards
  2 big kobold zombies (Ossuary)
  A hound zombie (D:7)
  2 hound skeletons
  4 mummies (Ossuary)
  A howler monkey zombie (D:10)
  2 worker ant zombies
  4 gnolls (Orc:2)
  8 adders
  2 shadow imps
  10 white imps (Lair:5)
  An adder zombie (Ossuary)
  3 adder skeletons
  5 worms
  2 leopard geckos
  77 orcs
  3 ball pythons
  9 giant cockroaches
  A gnoll zombie (Ossuary)
  8 goblins
  8 hobgoblins
  20 jackals
  6 quokkas
  A ball python skeleton (D:4)
  8 bats
  6 frilled lizards
  2 goblin zombies (Ossuary)
  A hobgoblin zombie (Ossuary)
  A jackal skeleton (D:7)
  A jackal zombie (Ossuary)
  11 kobolds
  A quokka skeleton (D:6)
  6 rats
  A rat zombie (Ossuary)
  16 fungi
  14 plants
559 creatures vanquished.

Vanquished Creatures (others)
  3 fungi
  2 plants
5 creatures vanquished.

Grand Total: 564 creatures vanquished

Notes
Turn   | Place    | Note
-------+----------+-------------------------------------------
     0 | D:1      | sugabear the Vine Stalker Gladiator began the quest for the Orb.
     0 | D:1      | Reached XP level 1. HP: 11/11 MP: 2/2
   163 | D:1      | Reached XP level 2. HP: 12/15 MP: 3/3
   714 | D:1      | Reached XP level 3. HP: 18/18 MP: 4/4
   845 | D:2      | Reached skill level 1 in Stealth
   932 | D:2      | Gained mutation: Your natural rate of healing is unusually fast. [Vine Stalker growth]
   932 | D:2      | Reached XP level 4. HP: 15/23 MP: 5/5
   985 | D:2      | Reached skill level 1 in Maces & Flails
  1036 | D:2      | Noticed Ijyb
  1052 | D:2      | Killed Ijyb
  1109 | D:2      | Reached XP level 5. HP: 27/27 MP: 6/6
  1174 | D:2      | Found a runed door.
  1308 | D:2      | Reached skill level 1 in Armour
  1486 | D:2      | Noticed Crazy Yiuf
  1491 | D:2      | Killed Crazy Yiuf
  1491 | D:2      | Reached skill level 1 in Shields
  1599 | D:3      | Found a faded altar of an unknown god.
  1618 | D:3      | Reached skill level 2 in Maces & Flails
  1633 | D:3      | Found a glowing golden altar of the Shining One.
  1666 | D:3      | Found an opulent altar of Gozag.
  1666 | D:3      | Found a basalt altar of Yredelemnul.
  1747 | D:3      | Noticed a hand axe
  1747 | D:3      | Noticed a hand axe
  1748 | D:3      | Found a hide-covered altar of Uskayaw.
  2030 | D:3      | Reached XP level 6. HP: 24/32 MP: 5/7
  2086 | D:4      | Noticed a phantom
  2100 | D:4      | Killed a phantom
  2100 | D:4      | Reached skill level 3 in Maces & Flails
  2129 | D:4      | Found a sparkling altar of Nemelex Xobeh.
  2286 | D:4      | Reached XP level 7. HP: 35/35 MP: 8/8
  2804 | D:5      | Entered Level 5 of the Dungeon
  2815 | D:5      | Found Kefuh's Assorted Antiques.
  2821 | D:5      | Bought a fizzy white potion for 19 gold pieces
  2821 | D:5      | Bought a fizzy white potion for 19 gold pieces
  2821 | D:5      | Bought a fizzy white potion for 19 gold pieces
  2821 | D:5      | Bought a smoky brown potion for 19 gold pieces
  2821 | D:5      | Bought a smoky brown potion for 19 gold pieces
  2821 | D:5      | Bought 2 coppery potions for 39 gold pieces
  2821 | D:5      | Bought a scroll labeled MUHA FUDOGRU for 22 gold pieces
  2862 | D:5      | Found Qerisim's Weapon Shoppe.
  2900 | D:5      | Found Lapnupue's Jewellery Shoppe.
  2909 | D:5      | Found Taose's General Store.
  3016 | D:5      | Found Hafoco Nefub's Gadget Emporium.
  3047 | D:5      | Found a bloodstained altar of Trog.
  3268 | D:5      | Reached skill level 4 in Maces & Flails
  3589 | D:6      | Gained mutation: You have razor-sharp teeth. [Vine Stalker growth]
  3589 | D:6      | Reached XP level 8. HP: 39/39 MP: 9/9
  3704 | D:6      | Found a staircase to the Ecumenical Temple.
  3737 | Temple   | Entered the Ecumenical Temple
  3836 | Temple   | Became a worshipper of Qazlal Stormbringer
  3983 | D:6      | Reached skill level 1 in Invocations
  4241 | D:6      | Reached skill level 5 in Maces & Flails
  4241 | D:6      | Reached skill level 1 in Evocations
  4396 | D:6      | Found a sacrificial altar of Ru.
  4621 | D:7      | Found a sand-covered staircase.
  4638 | Ossuary  | Entered an ossuary
  4692 | Ossuary  | Reached XP level 9. HP: 37/44 MP: 11/11
  4702 | Ossuary  | Reached * piety under Qazlal
  4878 | D:7      | Noticed Joseph
  4916 | D:7      | Killed Joseph
  4916 | D:7      | Reached skill level 6 in Maces & Flails
  5099 | D:7      | Noticed a kobold demonologist
  5107 | D:7      | Noticed a sixfirhy
  5109 | D:7      | Noticed a red devil
  5109 | D:7      | Killed a kobold demonologist
  5210 | D:7      | Reached ** piety under Qazlal
  5216 | D:7      | Reached skill level 7 in Maces & Flails
  5315 | D:7      | Reached skill level 5 in Shields
  5315 | D:7      | Reached XP level 10. HP: 15/49 MP: 9/14
  5407 | D:7      | Reached skill level 5 in Invocations
  5532 | D:7      | Noticed Pikel
  5546 | D:7      | Killed Pikel
  6035 | D:8      | Reached skill level 5 in Dodging
  6465 | D:9      | Gained mutation: You have supernaturally acute eyesight. (SInv) [potion of beneficial mutation]
  6467 | D:9      | Gained mutation: You tend to lose your temper in combat. [potion of mutation]
  6467 | D:9      | Lost mutation: You have supernaturally acute eyesight. (SInv) [potion of mutation]
  6533 | D:9      | Reached skill level 5 in Armour
  6537 | D:9      | Paralysed by a hornet for 1 turns
  6540 | D:9      | Reached *** piety under Qazlal
  6540 | D:9      | Reached XP level 11. HP: 45/54 MP: 16/16
  6545 | D:9      | Reached skill level 8 in Maces & Flails
  6569 | D:9      | Reached skill level 5 in Fighting
  6780 | D:9      | Found a staircase to the Orcish Mines.
  6791 | D:9      | Found a roughly hewn altar of Beogh.
  6890 | D:9      | You fall through a shaft for 3 floors!
  6912 | D:11     | Noticed a cyclops
  6941 | D:11     | Killed a cyclops
  7032 | D:10     | Entered Level 10 of the Dungeon
  7144 | D:10     | Noticed a hill giant
  7155 | D:10     | Killed a hill giant
  7159 | D:10     | Reached **** piety under Qazlal
  7509 | D:9      | Found Kismus's Jewellery Emporium.
  7588 | Orc:1    | Entered Level 1 of the Orcish Mines
  7918 | Orc:2    | Entered Level 2 of the Orcish Mines
  7923 | Orc:2    | Found Odooth's Antique Armour Emporium.
  8002 | Orc:2    | Noticed an orc knight
  8004 | Orc:2    | Noticed an orc high priest
  8023 | Orc:1    | Killed an orc knight
  8073 | Orc:2    | Killed an orc high priest
  8184 | Orc:2    | Noticed an orc sorcerer
  8196 | Orc:1    | Killed an orc sorcerer
  8196 | Orc:1    | Reached skill level 9 in Maces & Flails
  8225 | Orc:1    | Found Byocwip's Distillery.
  8460 | Orc:2    | Found Samum's Distillery.
  8460 | Orc:2    | Noticed an orc knight
  8488 | Orc:1    | Killed an orc knight
  8618 | Orc:2    | Noticed an orc sorcerer
  8623 | Orc:2    | Killed an orc sorcerer
  8626 | Orc:2    | Bought a potion of experience for 750 gold pieces
  8626 | Orc:2    | Reached skill level 10 in Maces & Flails
  8626 | Orc:2    | Gained mutation: You heal very quickly. [Vine Stalker growth]
  8626 | Orc:2    | Reached XP level 12. HP: 55/60 MP: 14/19
  8706 | Orc:2    | Found a staircase to the Elven Halls.
  8794 | Orc:2    | Found Xedialuweoh's Book Boutique.
  8809 | Orc:2    | Found Dische Refao's General Store.
  8809 | Orc:2    | Found Onwuurcho's Gadget Shoppe.
  8837 | Orc:2    | Reached XP level 13. HP: 65/65 MP: 18/20
  8854 | Orc:2    | Bought a +1 helmet of see invisible for 247 gold pieces
  8958 | Orc:2    | Reached ***** piety under Qazlal
  9149 | Orc:2    | Reached skill level 11 in Maces & Flails
  9244 | Orc:2    | Found Jeinann's Gadget Boutique.
  9248 | Orc:2    | Found Viunlus's Armour Shoppe.
  9254 | Orc:2    | Found Foigul's Distillery.
  9256 | Orc:2    | Found Qopiy's Weapon Boutique.
  9503 | D:10     | Noticed Harold
  9512 | D:10     | Killed Harold
  9598 | D:10     | Reached skill level 10 in Invocations
  9754 | D:10     | Noticed Maurice
  9762 | D:10     | Killed Maurice
 10088 | D:11     | Got a bloodstained battleaxe
 10122 | D:11     | Identified the +2 battleaxe of Fedhas's Pride {freeze, rElec rC++ Str-5 SInv} (You found it on level 11 of the Dungeon)
 10144 | D:11     | Gained mutation: You are weak. (Str -2) [mutagenic meat]
 10145 | D:11     | Gained mutation: You are agile. (Dex +2) [mutagenic meat]
 10215 | D:11     | Found a staircase to the Lair.
 10343 | D:11     | Reached skill level 1 in Axes
 10819 | Lair:1   | Entered Level 1 of the Lair of Beasts
 10920 | Lair:1   | Noticed Fannar
 10945 | Lair:1   | Killed Fannar
 11546 | Lair:1   | Identified a scroll of acquirement
 11639 | Lair:1   | Found a blossoming altar of Fedhas.
 12641 | Lair:3   | Reached skill level 5 in Axes
 12641 | Lair:3   | Reached XP level 14. HP: 52/70 MP: 15/22
 13202 | Lair:3   | Got an ichor-stained short sword
 13203 | Lair:3   | Identified the +8 short sword of Dysiu {pierce, rN+ Str+2 SInv Stlth-} (You found it on level 3 of the Lair of Beasts)
 13607 | Lair:4   | Lost mutation: You are agile. (Dex +2) [potion of cure mutation]
 13607 | Lair:4   | Lost mutation: You are weak. (Str -2) [potion of cure mutation]
 13607 | Lair:4   | Lost mutation: You tend to lose your temper in combat. [potion of cure mutation]
 13679 | Lair:4   | Found a staircase to the Shoals.
 13720 | Lair:4   | Found a staircase to the Snake Pit.
 14268 | Lair:5   | Found a frozen archway.
 14268 | Lair:5   | HP: 3/72 [porcupine (7)]
 14269 | Lair:5   | Impaled on a porcupine's spines

Skill      XL: |  1  2  3  4  5  6  7  8  9 10 11 12 13 14 |
---------------+-------------------------------------------+-----
Short Blades   | 3 |  3.1
Fighting       | 2 3 4 5 6 7 |  7.8
Stealth        | 1 |  1.0
Throwing       | 2 |  2.0
Dodging        | 3 4 5 6 |  6.3
Maces & Flails | 1 2 3 4 5 7 10 11 | 11.3
Armour         | 1 2 3 4 5 6 |  6.9
Shields        | 1 2 3 5 6 8 9 |  9.2
Invocations    | 2 4 6 9 10 | 10.0
Evocations     | 1 |  1.2
Axes           | 5 8 |  8.2

Action                   |  1- 3 |  4- 6 |  7- 9 | 10-12 | 13-15 || total
-------------------------+-------+-------+-------+-------+-------++-------
Melee: Rapier            |    25 |       |       |       |       ||    25
       Bite              |    23 |    66 |   147 |   198 |   221 ||   655
       Mace              |   111 |       |       |       |       ||   111
       Whip              |    11 |   138 |       |   230 |       ||   379
       Flail             |       |    69 |   347 |    60 |       ||   476
       Morningstar       |       |       |       |   220 |   155 ||   375
       Battleaxe         |       |       |       |       |   385 ||   385
Throw: Throwing net      |       |       |     1 |       |       ||     1
Invok: Upheaval          |       |       |       |       |     4 ||     4
       Disaster Area     |       |       |       |       |     1 ||     1
 Abil: Evoke Berserk Rag |       |     1 |     1 |       |       ||     2
Evoke: Wand              |       |       |     8 |     4 |       ||    12
  Use: Scroll            |     4 |       |       |    12 |     5 ||    21
       Potion            |     1 |       |       |    15 |     1 ||    17
 Stab: Sleeping          |     1 |       |       |       |       ||     1
       Paralysed         |       |       |       |     3 |       ||     3
  Eat: Chunk             |       |     6 |    11 |    12 |     8 ||    37
       Fruit             |       |       |       |       |    12 ||    12
       Beef jerky        |       |       |       |       |     3 ||     3
Armor: Leather armour    |     3 |       |       |       |       ||     3
       Ring mail         |    52 |   118 |   200 |   110 |   137 ||   617
Dodge: Dodged            |   104 |   116 |   229 |   185 |   300 ||   934
       Deflected         |       |       |       |     3 |     5 ||     8
Block: Shield            |    20 |   117 |   255 |   433 |    83 ||   908
       Other             |       |       |       |       |   123 ||   123
